 Dungeon Crawl Stone Soup version 0.22-a0-247-gbddf880 (webtiles) character file.

6970 b5mith the Carver (level 10, -1/94 HPs)
             Began as a Minotaur Berserker on Feb 26, 2018.
             Was a High Priest of Trog.
             Succumbed to a green ugly thing's poison
             ... on level 11 of the Dungeon.
             The game lasted 00:25:00 (9513 turns).

b5mith the Carver (Minotaur Berserker)              Turns: 9513, Time: 00:25:00

Health: -1/94      AC: 13    Str: 25    XL:     10   Next: 81%
Magic:  9/9        EV: 20    Int:  4    God:    Trog [*****.]
Gold:   612        SH:  0    Dex: 12    Spells: 9/9 levels left

rFire    . . .     SeeInvis .   d - +0 falchion
rCold    . . .     Gourm    .   (no shield)
rNeg     . . .     Faith    .   v - +1 ring mail "Soupeir" {Dex+2}
rPois    .         Spirit   .   (helmet restricted)
rElec    .         Reflect  .   D - +0 cloak
rCorr    .         Harm     .   l - +0 pair of gloves
MR       .....                  e - +1 pair of boots
Stlth    ++........             p - amulet of regeneration
HPRegen  0.65/turn              J - +4 ring of evasion
MPRegen  0.11/turn              u - ring of stealth

@: lethally poisoned (-1 -> -23), berserk cooldown, slowed, very slow
A: retaliatory headbutt, horns 2
a: Berserk, Trog's Hand, Brothers in Arms, Renounce Religion


You were on level 11 of the Dungeon.
You worshipped Trog.
Trog was extremely pleased with you.
You were hungry.

You visited 1 branch of the dungeon, and saw 11 of its levels.

You collected 612 gold pieces.

Inventory:

Hand Weapons
 d - a +0 falchion (weapon)
Missiles
 I - 6 tomahawks (quivered)
Armour
 b - a +0 animal skin
 e - a +1 pair of boots (worn)
 l - a +0 pair of gloves (worn)
 n - a +0 chain mail
 v - the +1 ring mail "Soupeir" (worn) {Dex+2}
   (You found it on level 6 of the Dungeon)

   It affects your dexterity (+2).
 D - a +0 cloak (worn)
Jewellery
 p - an amulet of regeneration (around neck)
 q - an uncursed ring of fire
 u - a ring of stealth (right hand)
 E - an uncursed ring of protection from fire
 J - a +4 ring of evasion (left hand)
Wands
 g - a wand of polymorph (5)
 m - a wand of iceblast (8)
 t - a wand of acid (6)
 w - a wand of enslavement (16)
 G - a wand of disintegration (16)
Scrolls
 h - 4 scrolls of amnesia
 o - 4 scrolls of remove curse {@r2}
 r - a scroll of enchant armour {unknown}
 s - 2 scrolls of immolation {unknown}
 x - 8 scrolls of identify {@r1}
 y - a scroll of blinking {unknown}
 A - 2 scrolls of teleportation
 F - a scroll of magic mapping {unknown}
 K - a scroll of random uselessness {unknown}
 L - a scroll of enchant weapon {unknown}
 O - a scroll of torment {unknown}
Potions
 a - 3 potions of lignification
 f - 2 potions of curing {@q1}
 i - 2 potions of agility {unknown}
 j - 2 potions of brilliance {unknown}
 k - a potion of magic {unknown}
 z - 4 potions of heal wounds
 B - 5 potions of haste
 C - a potion of resistance {unknown}
 M - a potion of ambrosia {unknown}
 N - a potion of flight {unknown}
Comestibles
 c - 12 rations
 H - 5 chunks of flesh


   Skills:
 + Level 10.5 Fighting
 + Level 10.6 Long Blades
 + Level 10.2 Armour
 + Level 9.4 Dodging


You had 9 spell levels left.
You didn't know any spells.

Dungeon Overview and Level Annotations

Branches:
Dungeon (11/15)            Temple (0/1) D:6            Lair (0/6) D:8
    Orc: D:9-12

Altars:
Cheibriados
Fedhas
Gozag
Hepliaklqana
Makhleb
Okawaru
Trog
Uskayaw
Vehumet
Yredelemnul
The Shining One


Innate Abilities, Weirdness & Mutations

You reflexively headbutt those who attack you in melee.
You have a pair of horns on your head.


Message History

* * * LOW HITPOINT WARNING * * *
You feel very sick. The yak completely misses you. You furiously retaliate!
You headbutt the yak.
You riposte.
You hit the yak.
The yak is heavily wounded.
* * * LOW HITPOINT WARNING * * *
You feel extremely sick.
As you read the scroll of teleportation, it crumbles to dust.
You feel strangely unstable.
* * * LOW HITPOINT WARNING * * *
You feel extremely sick. The yak closely misses you.
* * * LOW HITPOINT WARNING * * *
You feel very sick.
Your surroundings suddenly seem different.
* * * LOW HITPOINT WARNING * * *
You feel very sick.
* * * LOW HITPOINT WARNING * * *
You feel very sick.
You die...

#........# ######## #........#
#......# #........# #......#
#........# #......# #........#
#......# #############........#
##......####....................#
#>............................Y..
#.......####....@............YY..
#.......# #............#...####Y
#.......# ##############...# #.
#.......# #...# #. #.#######
#...# #. #.# #...# ## #.#######.
#...# #......... +.... #.#######.


There were no monsters in sight!

Vanquished Creatures
  The ghost of LasiaceMobile the Vexing, a novice GnAM of Gozag (D:9)
  An ugly thing (D:11)
  A centaur zombie (D:9)
  3 trolls
  Prince Ribbit (D:8)
  3 hippogriffs
  The ghost of LasiaceMobile the Skirmisher, an amateur OgHu of Hepliaklqana (D:4)
  A water moccasin (D:7)
  2 ice beasts
  A black bear (D:10)
  A phantom (D:10)
  3 necrophages
  5 ogres
  2 wolves (D:8)
  5 centaurs
  A crocodile (D:11)
  2 big kobolds (D:10)
  6 bullfrogs
  2 gnoll sergeants
  3 scorpions
  2 electric eels (D:8)
  A howler monkey (D:6)
  3 crimson imps
  A bullfrog zombie (D:10)
  6 hounds
  4 jellies
  4 orc priests
  Crazy Yiuf (D:7)
  A bullfrog skeleton (D:8)
  A centaur skeleton (D:9)
  4 iguanas
  7 orc wizards
  6 worker ants
  A killer bee zombie (D:9)
  A hound zombie (D:10)
  2 worker ant zombies
  14 gnolls
  A howler monkey skeleton (D:10)
  5 adders
  3 shadow imps
  An adder skeleton (D:4)
  A worm (D:4)
  3 dart slugs
  5 leopard geckos
  36 orcs
  8 giant cockroaches
  A goblin (D:1)
  4 hobgoblins
  6 jackals
  6 quokkas
  2 ball pythons (D:1)
  7 bats
  2 frilled lizards
  A jackal skeleton (D:8)
  15 kobolds
  A leopard gecko skeleton (D:6)
  A quokka skeleton (D:10)
  2 quokka zombies
  6 rats
221 creatures vanquished.

Notes
Turn   | Place    | Note
-------+----------+-------------------------------------------
     0 | D:1      | b5mith the Minotaur Berserker began the quest for the Orb.
     0 | D:1      | Reached XP level 1. HP: 19/19 MP: 0/0
   356 | D:1      | Reached XP level 2. HP: 27/27 MP: 1/1
  1147 | D:2      | Found a blossoming altar of Fedhas.
  1197 | D:2      | Reached XP level 3. HP: 27/33 MP: 2/2
  1488 | D:2      | Found a hide-covered altar of Uskayaw.
  1492 | D:2      | Found a glowing golden altar of the Shining One.
  1497 | D:2      | Found a basalt altar of Yredelemnul.
  1807 | D:2      | Found a burning altar of Makhleb.
  1948 | D:3      | Reached XP level 4. HP: 28/41 MP: 3/3
  2246 | D:3      | Reached ** piety under Trog
  3055 | D:4      | Noticed LasiaceMobile's ghost (amateur OgHu)
  3074 | D:4      | Killed LasiaceMobile's ghost
  3074 | D:4      | Reached skill level 5 in Fighting
  3074 | D:4      | Reached skill level 5 in Long Blades
  3074 | D:4      | Reached XP level 5. HP: 27/48 MP: 4/4
  3074 | D:4      | Reached XP level 6. HP: 31/56 MP: 5/5
  3283 | D:4      | Found a radiant altar of Vehumet.
  3296 | D:4      | Found an opulent altar of Gozag.
  3717 | D:4      | Found a bloodstained altar of Trog.
  3814 | D:5      | Entered Level 5 of the Dungeon
  4377 | D:5      | Reached skill level 5 in Armour
  4377 | D:5      | Reached XP level 7. HP: 52/62 MP: 6/6
  4704 | D:6      | Got an emerald-studded ring mail
  4715 | D:6      | Identified the cursed +1 ring mail "Soupeir" {Dex+2} (You found it on level 6 of the Dungeon)
  4866 | D:6      | Reached skill level 5 in Dodging
  5048 | D:6      | Found a staircase to the Ecumenical Temple.
  5236 | D:6      | Reached XP level 8. HP: 71/71 MP: 7/7
  5436 | D:7      | Reached *** piety under Trog
  5553 | D:7      | Found a blossoming altar of Fedhas.
  5578 | D:7      | Found an iron altar of Okawaru.
  5841 | D:7      | Found a hazy altar of Hepliaklqana.
  6033 | D:7      | Found a runed door.
  6230 | D:7      | Noticed Crazy Yiuf
  6239 | D:7      | Killed Crazy Yiuf
  6507 | D:8      | Reached XP level 9. HP: 58/81 MP: 8/8
  6672 | D:8      | Found a staircase to the Lair.
  7399 | D:8      | Found a snail-covered altar of Cheibriados.
  7524 | D:8      | Reached **** piety under Trog
  7593 | D:8      | Noticed Prince Ribbit
  7603 | D:8      | Killed Prince Ribbit
  7795 | D:8      | Noticed a troll
  7819 | D:8      | Killed a troll
  8059 | D:9      | Noticed LasiaceMobile's ghost (novice GnAM)
  8097 | D:9      | Killed LasiaceMobile's ghost
  8097 | D:9      | Reached XP level 10. HP: 79/91 MP: 9/9
  8516 | D:9      | Reached skill level 10 in Fighting
  8516 | D:9      | Reached skill level 10 in Long Blades
  8544 | D:10     | Entered Level 10 of the Dungeon
  8579 | D:10     | Reached ***** piety under Trog
  9018 | D:10     | Reached skill level 10 in Armour
  9486 | D:11     | Noticed a green ugly thing
  9502 | D:11     | Killed a green ugly thing
  9512 | D:11     | HP: 3/94 [poisoned by a green ugly thing]
  9513 | D:11     | Succumbed to a green ugly thing's poison

Vault maps used:
D:1:      nzn_arrival_crosshair
D:2:      bloody_makhleb, minmay_overflow_temple_star_quad, fedhas_altar_3,
          first_ration
D:3:      minmay_door_path
D:4:      fiery_altar_vehumet, lemuel_doored_altar, grunt_gozag_breadcrumbs
D:6:      temple_green
D:7:      lemuel_round_altar, marbit_many_paths, basic_altar,
          uniq_crazy_yiuf_cottage
D:8:      old_standard_altar, erik_lair_island, uniq_prince_ribbit1
D:11:     nicolae_trove_entry_crystal

Skill      XL: |  1  2  3  4  5  6  7  8  9 10 |
---------------+-------------------------------+-----
Fighting       | 4 5 6 7 9 10 | 10.5
Long Blades    | 4 5 6 8 9 10 | 10.6
Armour         | 3 4 5 6 7 9 10 | 10.2
Dodging        | 3 4 5 6 8 9 |  9.4

Action                   |  1- 3 |  4- 6 |  7- 9 | 10-12 || total
-------------------------+-------+-------+-------+-------++-------
Melee: Falchion          |    63 |   137 |   263 |   173 ||   636
       Headbutt          |    11 |    23 |    82 |    46 ||   162
Throw: Tomahawk          |       |       |     3 |     8 ||    11
Invok: Berserk           |       |     3 |     2 |     1 ||     6
Evoke: Wand              |       |       |     2 |       ||     2
  Use: Scroll            |     2 |     2 |     3 |     4 ||    11
       Potion            |       |       |     2 |       ||     2
 Stab: Sleeping          |     1 |       |     6 |       ||     7
       Distracted        |       |       |       |     1 ||     1
  Eat: Chunk             |     3 |     7 |     6 |     6 ||    22
       Ration            |       |     1 |     2 |       ||     3
Armor: Animal skin       |    10 |       |       |       ||    10
       Chain mail        |    10 |    53 |     3 |       ||    66
       Ring mail         |       |       |    94 |    47 ||   141
Dodge: Dodged            |    38 |    59 |   181 |   155 ||   433
       Rpst.: Falchion   |    10 |    19 |    47 |    43 ||   119

Table legend:
 A = Spawn XP
 B = Non-spawn XP
 C = Spawn XP percentage of total XP
 D = Spawn monster count
 E = Non-spawn monster count
 F = Spawn count percentage of total count
 G = Total turns spent on level
                    A         B        C        D         E        F      G
               +---------+---------+-------+---------+---------+-------+---------
         Total |       0 |    9958 |   0.0 |       0 |     221 |   0.0 |  9513
               +---------+---------+-------+---------+---------+-------+---------
           D:1 |       0 |      26 |   0.0 |       0 |      16 |   0.0 |   921
           D:2 |       0 |      70 |   0.0 |       0 |      17 |   0.0 |  1017
           D:3 |       0 |      85 |   0.0 |       0 |      19 |   0.0 |  1085
           D:4 |       0 |     260 |   0.0 |       0 |      10 |   0.0 |   791
           D:5 |       0 |     329 |   0.0 |       0 |      12 |   0.0 |   719
           D:6 |       0 |     668 |   0.0 |       0 |      16 |   0.0 |   842
           D:7 |       0 |     798 |   0.0 |       0 |      29 |   0.0 |   883
           D:8 |       0 |    2258 |   0.0 |       0 |      35 |   0.0 |  1810
           D:9 |       0 |    3027 |   0.0 |       0 |      30 |   0.0 |   476
          D:10 |       0 |    1721 |   0.0 |       0 |      32 |   0.0 |   770
          D:11 |       0 |     716 |   0.0 |       0 |       5 |   0.0 |   199
               +---------+---------+-------+---------+---------+-------+---------
